 Dungeon Crawl Stone Soup version 0.21-a0-128-gf2b353c (webtiles) character file.

756 Gorglomux the Cleaver (level 7, -2/99 HPs)
             Began as a Hill Orc Warper on July 16, 2017.
             Was a Believer of Yredelemnul.
             Slain by Pikel
             ... wielding a +1 whip of flaming
              (6 damage)
             ... on level 4 of the Dungeon.
             The game lasted 00:08:02 (4265 turns).

Gorglomux the Cleaver (Hill Orc Warper)             Turns: 4265, Time: 00:08:03

Health: -2/99      AC: 23    Str: 18    XL:     7   Next: 79%
Magic:  9/9        EV:  2    Int: 13    God:    Yredelemnul [**....]
Gold:   150        SH:  0    Dex: 10    Spells: 9/9 levels left

rFire    . . .     SeeInvis .   a - +0 hand axe
rCold    . . .     Gourm    .   (no shield)
rNeg     + + +     Faith    +   (armour currently unavailable)
rPois    +         Spirit   .   (helmet currently unavailable)
rElec    .         Reflect  .   (cloak currently unavailable)
rCorr    .         Harm     .   (gloves currently unavailable)
MR       .....     NoTele   +   (boots currently unavailable)
Stlth    +.........             N - amulet of faith
HPRegen  0.26/turn              (no ring)
MPRegen  0.11/turn              (no ring)

@: tree-form
A: strong 1, wild magic 1
a: Animate Remains, Recall Undead Slaves, Injury Mirror, Renounce Religion


You were on level 4 of the Dungeon.
You worshipped Yredelemnul.
Yredelemnul was pleased with you.
You were not hungry.
You were a tree.
You visited 1 branch of the dungeon, and saw 4 of its levels.

You collected 150 gold pieces.

Inventory:

Hand Weapons
 a - a +0 hand axe (weapon)
Missiles
 e - 3 tomahawks of dispersal (quivered)
 Y - 2 tomahawks
Armour
 H - a +2 cloak
 I - a +0 scale mail (melded)
 Q - a +0 pair of gloves (melded)
 S - a +0 cloak (melded)
 W - a +0 pair of boots (melded)
Jewellery
 N - an amulet of faith (around neck)
Scrolls
 B - a scroll of blinking
 D - 8 scrolls of remove curse {unknown}
 J - 2 scrolls of amnesia {unknown}
 K - a scroll of teleportation {unknown}
 L - 4 scrolls of identify {unknown}
 M - a scroll of noise {unknown}
 O - 2 scrolls of recharging {unknown}
 R - a scroll of enchant weapon {unknown}
 X - a scroll of magic mapping {unknown}
Potions
 F - a potion of degeneration {unknown}
 U - a potion of mutation {!q}
 Z - a potion of agility {unknown}
Books
 c - a book of Spatial Translocations

   Spells                             Type                      Level
   a - Blink                          Translocation                2
   b - Shroud of Golubria             Charms/Translocation         2
   c - Lesser Beckoning               Translocation                3
   d - Gell's Gravitas                Translocation                3
   e - Teleport Other                 Translocation                3
   f - Passage of Golubria            Translocation                4
Comestibles
 f - 3 bread rations
 z - 4 meat rations
 G - a chunk of flesh
 P - 3 fruits
 V - a royal jelly


   Skills:
 + Level 7.4 Fighting
 + Level 8.2 Axes
 - Level 0.8 Throwing
 - Level 1.1 Armour
 - Level 1.5 Dodging
 - Level 1.5 Spellcasting
   Level 2.4 Translocations


You had 9 spell levels left.
You didn't know any spells.

Dungeon Overview and Level Annotations

Branches:
Dungeon (4/15)
 Temple: D:4-7

Altars:
Ashenzari
Elyvilon
Okawaru
Yredelemnul

Annotations:
D:4 Pikel


Innate Abilities, Weirdness & Mutations

Your muscles are strong. (Str +2)
Your spells are a little harder to cast, but a little more powerful.


Message History

You fail to use your ability!
It was a butt of lignification!
You turn into a tree!
Your +0 cloak melds into your butt!
Your +0 pair of gloves melds into your body!
Your +0 pair of boots melds into your body!
Your +0 scale mail melds into your body!
Your roots butt the butt!
Pikel hits you butt does no damage!
You chop Pikel but do no damage!
Pikel is lightly wounded!
Pikel hits you but does no damage!
Your slave zombie closely misses Pikel!
You carve Pikel but do no damage!
Pikel is butt-ly wounded!
Pikel hits you but does no damage!
Your slave zombie hits Pikel!
Your slave zombie hits Pikel!!!
You butt Pikel but do no damage!
Pikel butts moderately wounded!
Pikel says, "You'll fetch a fair price!!!"
Pikel hits you with a whip of flaming! rip Your body rises from the dead as a mindless zombie!

###.######.#######...#####
#.# #(# ###...# #.### #.#
#.....# #...####..#
#.##### #.#........###.#
#.#.###......#p#
#.....###...)#p#
#....Z..###.)..#
#.#..ZK♣%$###.p#
#...S...###[...#
#.......###.....##
.......###...###.#
.!.........###...#
./.#+#...###.....# ...
#.###....)..#
#...###.....# #..(.###...#


You could see Pikel, an adder and 2 friendly slave zombies.

Vanquished Creatures
  Grinder (D:4)
  Sigmund (D:3)
  A sky beast (D:4)
  3 slaves
  Jessica (D:2)
  2 iguanas
  4 worker ants (D:4)
  A hound skeleton (D:3)
  6 adders
  A shadow imp (D:4)
  2 worms
  3 dart slugs (D:2)
  A leopard gecko (D:3)
  7 orcs
  7 bats
  8 giant cockroaches
  8 goblins
  7 hobgoblins
  5 jackals
  8 kobolds
  2 quokkas (D:3)
  2 ball pythons (D:2)
  5 frilled lizards
  A quokka skeleton (D:3)
  8 rats
95 creatures vanquished.

Vanquished Creatures (collateral kills)
  A slave (D:3)
  An iguana (D:4)
  A leopard gecko (D:3)
3 creatures vanquished.

Vanquished Creatures (others)
  A frilled lizard zombie (D:3)
  3 orc zombies (D:4)
4 creatures vanquished.

Grand Total: 102 creatures vanquished

Notes
Turn   | Place    | Note
-------+----------+-------------------------------------------
     0 | D:1      | Gorglomux the Hill Orc Warper began the quest for the Orb.
     0 | D:1      | Reached XP level 1. HP: 18/18 MP: 3/3
   197 | D:1      | Reached skill level 3 in Axes
   338 | D:1      | Reached XP level 2. HP: 21/25 MP: 4/4
   406 | D:1      | Reached skill level 3 in Fighting
   782 | D:2      | Reached XP level 3. HP: 19/31 MP: 5/5
  1060 | D:2      | Reached skill level 4 in Axes
  1098 | D:2      | Found an iron altar of Okawaru.
  1098 | D:2      | Found a shattered altar of Ashenzari.
  1100 | D:2      | Found a basalt altar of Yredelemnul.
  1203 | D:2      | Became a worshipper of Yredelemnul the Dark
  1292 | D:2      | Reached XP level 4. HP: 40/40 MP: 6/6
  1304 | D:2      | Noticed Jessica
  1317 | D:2      | Killed Jessica
  1558 | D:2      | Found a white marble altar of Elyvilon.
  1890 | D:3      | Noticed Sigmund
  1962 | D:3      | Gained mutation: Your body sometimes deteriorates upon taking damage. [potion of mutation]
  1962 | D:3      | Gained mutation: Your flesh is heat resistant. (rF+) [potion of mutation]
  1964 | D:3      | Lost mutation: Your flesh is heat resistant. (rF+) [potion of mutation]
  1964 | D:3      | Lost mutation: Your body sometimes deteriorates upon taking damage. [potion of mutation]
  1964 | D:3      | Gained mutation: Your spells are a little harder to cast, but a little more powerful. [potion of mutation]
  1964 | D:3      | Gained mutation: Your muscles are strong. (Str +2) [potion of mutation]
  1970 | D:3      | Killed Sigmund
  1970 | D:3      | Reached skill level 6 in Axes
  1970 | D:3      | Reached XP level 5. HP: 21/49 MP: 7/7
  1970 | D:3      | Reached XP level 6. HP: 24/56 MP: 8/8
  2132 | D:3      | Reached * piety under Yredelemnul
  3075 | D:4      | Reached skill level 6 in Fighting
  3198 | D:4      | Noticed Grinder
  3198 | D:4      | Paralysed by Grinder for 7 turns
  3209 | D:4      | Paralysed by Grinder for 4 turns
  3220 | D:4      | Killed Grinder
  3220 | D:4      | Reached skill level 7 in Axes
  3220 | D:4      | Reached XP level 7. HP: 35/64 MP: 9/9
  3292 | D:4      | Reached ** piety under Yredelemnul
  3789 | D:3      | Reached skill level 8 in Axes
  4238 | D:4      | HP: 3/66 [iguana (5)]
  4245 | D:4      | HP: 1/66 [poisoned by a worker ant]
  4252 | D:4      | Noticed Pikel
  4253 | D:4      | HP: 1/66 [poisoned by a worker ant]
  4265 | D:4      | Slain by Pikel

Vault maps used:
D:1:      dpeg_arrival_court, kennysheep_pointless_box, fountainhead
D:2:      elyvilon_altar_5, gammafunk_temple_overflow_claw, uniq_jessica
D:3:      st_stairs_5, uniq_sigmund
D:4:      minmay_temple_entry_butterflies, first_bread, minmay_unequal,
          uniq_natasha, uniq_pikel, uniq_grinder, uniq_blork_the_orc

Skill      XL: |  1  2  3  4  5  6  7 |
---------------+----------------------+-----
Axes           | 3 4 6 7 8 |  8.2
Fighting       | 3 5 6 7 |  7.4
Throwing       | |  0.8
Armour         | |  1.1
Dodging        | |  1.5
Spellcasting   | |  1.5
Translocations | |  2.4

Action                   |  1- 3 |  4- 6 |  7- 9 || total
-------------------------+-------+-------+-------++-------
Melee: Hand axe          |   149 |   140 |   150 ||   439
Throw: Tomahawk          |       |       |     2 ||     2
Invok: Animate Remains   |       |     2 |     5 ||     7
  Use: Potion            |       |     4 |     1 ||     5
  Eat: Chunk             |     1 |     7 |     5 ||    13
Armor: Leather armour    |    19 |       |       ||    19
       Scale mail        |    84 |    75 |    52 ||   211
       Skin              |       |       |     3 ||     3
Dodge: Dodged            |    81 |    85 |    63 ||   229
